 Dungeon Crawl Stone Soup version 0.22-a0-224-g8cf3520 (webtiles) character file.

104 reaverb the Slasher (level 4, -1/36 HPs)
             Began as a Draconian Gladiator on Feb 19, 2018.
             Was an Initiate of Okawaru.
             Slain by Sigmund
             ... wielding a +0 scythe
              (9 damage)
             ... on level 3 of the Dungeon.
             The game lasted 00:03:35 (2263 turns).

reaverb the Slasher (Draconian Gladiator)           Turns: 2263, Time: 00:03:36

Health: -1/36      AC:  8    Str: 17    XL:     4   Next: 52%
Magic:  4/4        EV: 13    Int: 13    God:    Okawaru [......]
Gold:   152        SH:  0    Dex: 13    Spells: 0/3 levels left

rFire    . . .     SeeInvis .   a - +0 long sword
rCold    . . .     Gourm    .   (no shield)
rNeg     . . .     Faith    .   (armour unavailable)
rPois    .         Spirit   .   b - +0 hat
rElec    .         Reflect  .   o - +2 cloak
rCorr    .         Harm     .   (no gloves)
MR       .....                  (no boots)
Stlth    +.........             (no amulet)
HPRegen  0.12/turn              (no ring)
MPRegen  0.09/turn              (no ring)

@: brilliant
A: unfitting armour, cold-blooded, AC +5
a: Renounce Religion


You were on level 3 of the Dungeon.
You worshipped Okawaru.
Okawaru was noncommittal.
You were not hungry.

You visited 1 branch of the dungeon, and saw 3 of its levels.

You collected 152 gold pieces.

Notes
Turn   | Place    | Note
-------+----------+-------------------------------------------
     0 | D:1      | reaverb the Draconian Gladiator began the quest for the Orb.
     0 | D:1      | Reached XP level 1. HP: 17/17 MP: 1/1
   129 | D:1      | Reached XP level 2. HP: 19/24 MP: 2/2
   368 | D:1      | Reached skill level 4 in Long Blades
   655 | D:1      | Reached XP level 3. HP: 26/29 MP: 3/3
  1041 | D:2      | Found an iron altar of Okawaru.
  1073 | D:2      | Became a worshipper of Warmaster Okawaru
  1168 | D:2      | Found a faded altar of an unknown god.
  1510 | D:3      | Found a shimmering altar of Xom.
  1538 | D:3      | Learned a level 1 spell: Summon Small Mammal
  1575 | D:3      | Reached skill level 1 in Summonings
  1575 | D:3      | Reached XP level 4. HP: 27/36 MP: 4/4
  1659 | D:3      | Noticed Sigmund
  1997 | D:3      | Learned a level 2 spell: Call Imp
  2252 | D:3      | Huge Dmg: 9 Dmg
  2260 | D:3      | Huge Dmg: 10 Dmg
  2263 | D:3      | Huge Dmg: 3 Dmg
  2263 | D:3      | Slain by Sigmund

Inventory:

Hand Weapons
 a - a +0 long sword (weapon)
Missiles
 c - 3 throwing nets (quivered)
Armour
 b - a +0 hat (worn)
 o - a +2 cloak (worn)
Jewellery
 n - an uncursed ring of flight {unknown}
Scrolls
 e - 2 scrolls of identify {unknown}
 f - 3 scrolls of teleportation {unknown}
 k - a scroll of enchant armour {unknown}
 p - a scroll of blinking {unknown}
 r - 2 scrolls of amnesia {unknown}
Potions
 g - 2 potions of brilliance
 h - a potion of mutation {unknown}
 i - a potion of degeneration {unknown}
 j - a potion of curing {unknown}
 l - a potion of ambrosia {unknown}
 m - a potion of resistance {unknown}
Comestibles
 d - 5 rations
 q - 3 chunks of flesh

Table legend:
 A = Turns spent in this place as a percentage of turns spent in the entire game.
 B = Non-inter-level travel turns spent in this place as a percentage of non-inter-level travel turns spent in the entire game.
 C = Inter-level travel turns spent in this place as a percentage of turns spent in this place.
 D = Turns resting spent in this place as a percentage of non-inter-level travel turns spent in this place.
 E = Turns spent auto-exploring this place as a percentage of non-inter-level travel turns spent in this place.
 F = Non-inter-level travel turns spent in this place divided by the number of levels of this place that you've seen.
                   A       B       C       D       E      F
               +-------+-------+-------+-------+-------+----------------------
         Total | 100.0 | 100.0 |   4.0 |  10.8 |  43.7 | 724.3
       Dungeon | 100.0 | 100.0 |   4.0 |  10.8 |  43.7 | 724.3
               +-------+-------+-------+-------+-------+----------------------


   Skills:
 - Level 2.1 Fighting
 + Level 4.8 Long Blades
 - Level 1.7 Throwing
 - Level 2.6 Dodging
 - Level 2.0 Summonings


You couldn't memorise any spells.
You knew the following spells:

 Your Spells              Type           Power        Failure   Level  Hunger
a - Summon Small Mammal   Summ           ##..         1%          1    ##.....
b - Call Imp              Summ           ##......     2%          2    ###....


Dungeon Overview and Level Annotations

Branches:
Dungeon (3/15)

Altars:
Okawaru
Xom

Annotations:
D:2 exclusion: downstairs
D:3 Sigmund


Innate Abilities, Weirdness & Mutations

Your plain brown scales are hard. (AC +5)
You cannot fit into any form of body armour.
You are cold-blooded and may be slowed by cold attacks.


Message History

Moving in this stuff is going to be slow.
The orc throws a stone.
The stone misses you.
The orc throws a stone.
The stone hits you.
You hear a splash.
You see here a stone.
Damage: -2%(-1hp) hp: 98%(35hp)
The orc hits you but does no damage.
The orc splashes around in the water.
You closely miss the orc. The orc hits you but does no damage.
You hit the orc.
Your tail-slap misses the orc.
The orc is almost dead.
The orc barely misses you.
You slash the orc!
You kill the orc!
Okawaru accepts your kill.
You hear a splash. x2
Things that are here:
a dagger; 5 stones; an orc corpse You butcher the orc corpse.
You hear a splash.
q - 6 chunks of flesh (gained 1)
Things that are here:
a dagger; 5 stones; an orc skeleton You start waiting.
Some of the chunks of flesh in your inventory have rotted away.
Done waiting.
Some of the chunks of flesh in your inventory have rotted away.
You enter the shallow water.
Moving in this stuff is going to be slow.
There is an open door, spattered with blood here.
There is an open door here.
You open the door.
There is an open door here.
Items here: )) [[ a leather armour; a hand axe; a leather armour; a short sword Sigmund shouts!
You aren't carrying any items that you can evoke.
Okay, then.
Sigmund barely misses you.
You riposte.
You closely miss Sigmund. You hit Sigmund but do no damage.
You closely miss Sigmund. Sigmund misses you.
You riposte.
You closely miss Sigmund. You tail-slap Sigmund.
Sigmund is lightly wounded.
You slash Sigmund!
Sigmund is heavily wounded.
Sigmund misses you.
You hit Sigmund.
Sigmund is heavily wounded.
Sigmund misses you.
You hit Sigmund.
Sigmund is heavily wounded.
You closely miss Sigmund.
Sigmund is heavily wounded.
Sigmund's eyes start glowing with a red light.
Sigmund hits you with a scythe!
Damage: -19%(-7hp) hp: 81%(29hp)
You closely miss Sigmund.
Sigmund is heavily wounded.
Sigmund hits you with a scythe!
Huge Dmg: -25%(-9hp) hp: 56%(20hp)
You barely miss Sigmund.
Your tail-slap misses Sigmund.
Sigmund is heavily wounded.
Sigmund closely misses you.
You riposte.
You hit Sigmund.
Sigmund is heavily wounded.
You closely miss Sigmund.
Sigmund is heavily wounded.
You hit Sigmund.
Sigmund is severely wounded.
Sigmund misses you.
You riposte.
You hit Sigmund.
Sigmund is severely wounded.
You hit Sigmund.
Sigmund is severely wounded.
Sigmund closely misses you.
You hit Sigmund but do no damage.
Sigmund is severely wounded.
Sigmund gestures at you while chanting.
You are confused.
You bump into the rock wall.
Sigmund casts a spell.
Sigmund flickers and vanishes!
Deactivating autopickup; reactivate with Ctrl-A.
You closely miss something.
You hear some strange, mumbled words.
Something tries to affect you, but you resist.
You barely miss something. You tail-slap something. Something hits you!
* * * LOW HITPOINT WARNING * * *
Huge Dmg: -28%(-10hp) hp: 31%(11hp)
You barely miss something. Something hits you.
* * * LOW HITPOINT WARNING * * *
Damage: -3%(-1hp) hp: 28%(10hp)
You bump into the rock wall.
Unknown command.
It was a potion of brilliance.
You feel clever all of a sudden.
You feel less confused. Something hits you.
* * * LOW HITPOINT WARNING * * *
Huge Dmg: -8%(-3hp) hp: 20%(7hp)
Okay, then.
Unknown command.
You closely miss something. Something hits you!
You die...

..... ## ..####..#. .#..##### .
............ ..>....# ## ...
...#... ......#.# .##.#
#..#.....###.# #...#.# ..#.#
#..#.........###...#.# ..#.#
.................)#.# ....##
.#.#.#.#....####..#.### ..#..# #
. #....@{.#.............
..#..#.#.#####.#...#...##.#......
.##..#'#.......#..##...##.#......
###......##..###.......##.#......
...).....##..###.<.#...##'#......
###......##......#..........#.#+#
####.....##.................'....
w.().#......................#..#.
####...........##...........##.##


There were no monsters in sight!

Table legend:
 A = Kills in this place as a percentage of kills in entire the game.
 B = Kills by you in this place as a percentage of kills by you in the entire game.
 C = Kills by friends in this place as a percentage of kills by friends in the entire game.
 D = Other kills in this place as a percentage of other kills in the entire game.
 E = Experience gained in this place as a percentage of experience gained in the entire game.
 F = Experience gained in this place divided by the number of levels of this place that you have seen.
                   A       B       C       D       E      F
               +-------+-------+-------+-------+-------+----------------------
         Total | 100.0 | 100.0 |   N/A |   N/A | 100.0 |  49.7
       Dungeon | 100.0 | 100.0 |   N/A |   N/A | 100.0 |  49.7
               +-------+-------+-------+-------+-------+----------------------

Vanquished Creatures
  A gnoll (D:1)
  3 adders
  3 worms
  5 orcs (D:3)
  7 giant cockroaches
  3 goblins
  8 hobgoblins
  3 jackals (D:1)
  5 kobolds
  2 bats
  A frilled lizard (D:1)
  9 rats
50 creatures vanquished.

Action                   |  1- 3 |  4- 6 || total
-------------------------+-------+-------++-------
Melee: Long sword        |    93 |    46 ||   139
       Tailslap          |    10 |     8 ||    18
 Cast: Summon Small Mamm |       |     2 ||     2
  Use: Potion            |       |     1 ||     1
  Eat: Chunk             |     1 |       ||     1
       Ration            |       |     1 ||     1
Armor: Skin              |    22 |     8 ||    30
Dodge: Dodged            |    55 |    24 ||    79
       Rpst.: Long sword |    19 |     5 ||    24
